2132 views
Uploaded 2024-05-11 18:09:45
Game version 1.36 (6115)
18:27 long 1on1 custom game on (2)EchoIsles
Game name "123stg"
Saved by VladStg
2132 views
Uploaded 2024-05-11 18:09:45
Game version 1.36 (6115)
18:27 long 1on1 custom game on (2)EchoIsles
Game name "123stg"

32 units @ 4.4k
/ 0.4k
30 buildings @ 2.1k
/ 1k


| Scroll of Regeneration | 3 | 300 |
| Lesser Clarity Potion | 3 | 210 |
| Potion of Healing | 2 | 300 |
| total: | 8 | 810g |
| Peasant | 15 | 1125 | / | 0 |
| Footman | 7 | 945 | / | 0 |
| Dragonhawk Rider | 4 | 800 | / | 120 |
| Gryphon Rider | 4 | 1120 | / | 280 |
| Forest Troll Shadow Priest | 1 | 195 | / | 10 |
| Forest Troll Berserker | 1 | 245 | / | 30 |
| total: | 32 | 4430g | / | 440w |
| Scout Tower | 14 | 420 | / | 280 |
| Guard Tower | 4 | 280 | / | 200 |
| Arcane Tower | 2 | 140 | / | 100 |
| Altar of Kings | 1 | 180 | / | 50 |
| Farm | 9 | 720 | / | 180 |
| Barracks | 1 | 160 | / | 60 |
| Lumber Mill | 1 | 120 | / | 0 |
| Arcane Vault | 1 | 130 | / | 30 |
| Blacksmith | 1 | 140 | / | 60 |
| Gryphon Aviary | 2 | 280 | / | 300 |
| Keep | 1 | 320 | / | 210 |
| Castle | 1 | 360 | / | 210 |
| total: | 30 | 2150g | / | 960w |
| 0:02 | Peasant |
| 0:02 | Peasant |
| 0:09 | Altar of Kings |
| 0:11 | Peasant |
| 0:19 | Farm |
| 0:23 | Peasant |
| 0:36 | Barracks |
| 0:40 | Peasant |
| 0:52 | Farm |
| 0:55 | Peasant |
| 1:18 | Peasant |
| 1:28 | Peasant |
| 1:37 | Footman |
| 1:48 | Farm |
| 1:55 | Footman |
| 2:05 | Peasant |
| 2:08 | Lumber Mill |
| 2:13 | Summon Water Elemental |
| 2:23 | Footman |
| 2:29 | Peasant |
| 3:13 | Keep |
| 3:27 | Footman |
| 3:47 | Defend |
| 3:58 | Improved Lumber Harvesting |
| 4:06 | Farm |
| 4:33 | Arcane Vault |
| 5:00 | Farm |
| 5:02 | Improved Masonry |
| 5:13 | Footman |
| 5:41 | Scroll of Regeneration |
| 5:42 | Lesser Clarity Potion |
| 5:45 | Scroll of Regeneration |
| 5:45 | Lesser Clarity Potion |
| 5:49 | Footman |
| 6:02 | Farm |
| 6:25 | Frost Arrows |
| 6:45 | Scout Tower |
| 6:47 | Scout Tower |
| 6:49 | Scout Tower |
| 6:54 | Scout Tower |
| 7:11 | Footman |
| 7:14 | Guard Tower |
| 7:16 | Guard Tower |
| 7:22 | Guard Tower |
| 7:23 | Scout Tower |
| 7:24 | Scout Tower |
| 7:46 | Arcane Tower |
| 8:06 | Potion of Healing |
| 8:08 | Potion of Healing |
| 8:09 | Lesser Clarity Potion |
| 8:11 | Scroll of Regeneration |
| 8:23 | Scout Tower |
| 8:30 | Scout Tower |
| 8:36 | Scout Tower |
| 8:40 | Scout Tower |
| 8:51 | Peasant |
| 8:51 | Peasant |
| 9:15 | Arcane Tower |
| 9:16 | Guard Tower |
| 9:24 | Scout Tower |
| 9:25 | Scout Tower |
| 9:49 | Gryphon Aviary |
| 9:52 | Gryphon Aviary |
| 9:54 | Peasant |
| 9:55 | Peasant |
| 9:55 | Peasant |
| 10:02 | Scout Tower |
| 10:15 | Scout Tower |
| 10:20 | Brilliance Aura |
| 11:18 | Dragonhawk Rider |
| 11:20 | Castle |
| 11:38 | Farm |
| 11:49 | Dragonhawk Rider |
| 12:36 | Blacksmith |
| 12:40 | Dragonhawk Rider |
| 12:51 | Farm |
| 13:11 | Dragonhawk Rider |
| 14:10 | Forest Troll Shadow Priest |
| 14:12 | Forest Troll Berserker |
| 14:23 | Storm Hammers |
| 14:23 | Gryphon Rider |
| 14:29 | Forked Lightning |
| 15:29 | Summon Water Elemental |
| 16:20 | Gryphon Rider |
| 16:20 | Gryphon Rider |
| 17:19 | Gryphon Rider |
| 17:51 | Iron Forged Swords |
| 17:56 | Farm |
| 18:06 | Forked Lightning |
| Right click | 1660 |
| Select | 376 |
| Select group | 274 |
| Build/train/purchase | 100 |
| Use ability | 57 |
| Assign group | 31 |
| Remove unit | 1 |
| Esc | 1 |
42 units @ 6.5k
/ 0.6k
15 buildings @ 2.2k
/ 0.9k


| Healing Salve | 5 | 500 |
| Potion of Healing | 3 | 450 |
| Lesser Clarity Potion | 1 | 70 |
| Scroll of Speed | 1 | 50 |
| total: | 10 | 1070g |
| Peon | 13 | 975 | / | 0 |
| Grunt | 13 | 2600 | / | 0 |
| Raider | 5 | 900 | / | 200 |
| Wind Rider | 1 | 265 | / | 40 |
| Demolisher | 3 | 660 | / | 150 |
| Troll Batrider | 5 | 800 | / | 200 |
| Troll Headhunter | 2 | 280 | / | 40 |
| total: | 42 | 6480g | / | 630w |
| Watch Tower | 5 | 550 | / | 400 |
| Altar of Storms | 1 | 180 | / | 50 |
| Orc Burrow | 5 | 800 | / | 200 |
| Barracks | 1 | 180 | / | 50 |
| Voodoo Lounge | 1 | 130 | / | 30 |
| War Mill | 1 | 205 | / | 0 |
| Beastiary | 1 | 145 | / | 140 |
| Stronghold | 1 | 315 | / | 190 |
| total: | 15 | 2190g | / | 870w |
| 0:04 | Altar of Storms |
| 0:05 | Peon |
| 0:05 | Peon |
| 0:05 | Peon |
| 0:21 | Orc Burrow |
| 0:34 | Peon |
| 0:44 | Barracks |
| 0:55 | Peon |
| 1:24 | Peon |
| 1:48 | Grunt |
| 1:56 | Orc Burrow |
| 2:13 | Feral Spirit |
| 2:33 | Stronghold |
| 3:29 | Voodoo Lounge |
| 3:59 | Grunt |
| 3:59 | Grunt |
| 3:59 | Grunt |
| 5:01 | Beastiary |
| 5:04 | Orc Burrow |
| 5:21 | Healing Salve |
| 5:58 | Chain Lighting |
| 6:19 | Grunt |
| 6:19 | Grunt |
| 6:22 | Ensnare |
| 6:22 | Raider |
| 6:54 | Berserker Strength |
| 6:54 | Grunt |
| 7:08 | War Mill |
| 7:17 | War Stomp |
| 8:29 | Feral Spirit |
| 8:33 | Grunt |
| 8:34 | Wind Rider |
| 8:35 | Raider |
| 8:36 | Raider |
| 8:41 | Demolisher |
| 8:46 | Healing Salve |
| 8:47 | Potion of Healing |
| 9:15 | Potion of Healing |
| 9:28 | Demolisher |
| 9:28 | Demolisher |
| 9:38 | Lesser Clarity Potion |
| 10:45 | Shockwave |
| 11:02 | Grunt |
| 11:02 | Grunt |
| 11:03 | Raider |
| 11:04 | Raider |
| 11:26 | Potion of Healing |
| 11:34 | Healing Salve |
| 11:45 | Healing Salve |
| 11:48 | Scroll of Speed |
| 12:34 | Grunt |
| 12:37 | Peon |
| 12:37 | Peon |
| 12:37 | Peon |
| 12:40 | Orc Burrow |
| 12:56 | Healing Salve |
| 13:38 | Peon |
| 13:39 | Peon |
| 13:49 | Peon |
| 13:50 | Peon |
| 14:35 | Watch Tower |
| 14:36 | Watch Tower |
| 14:37 | Watch Tower |
| 14:38 | Watch Tower |
| 14:38 | Watch Tower |
| 14:53 | Orc Burrow |
| 16:12 | Troll Batrider |
| 16:12 | Troll Batrider |
| 16:12 | Troll Batrider |
| 16:24 | Grunt |
| 16:25 | Grunt |
| 16:51 | Troll Headhunter |
| 16:51 | Troll Headhunter |
| 17:03 | Steel Ranged Weapons |
| 17:47 | Troll Batrider |
| 17:47 | Troll Batrider |
| Right click | 1525 |
| Select group | 507 |
| Select | 372 |
| Misc. action | 113 |
| Build/train/purchase | 81 |
| Assign group | 64 |
| Use ability | 37 |
| Remove unit | 5 |
| Chat | 4 |
| Item give/drop | 2 |